 Dungeon Crawl Stone Soup version 0.18.1-48-g4cf74bf (webtiles) character file.

18680 Apert the Cleaver (level 12, 0/110 HPs)
             Began as a Hill Orc Fighter on Aug 30, 2016.
             Was an Elder of Ashenzari.
             Slain by a yak (5 damage)
             ... on level 4 of the Lair of Beasts.
             The game lasted 00:57:49 (13362 turns).

Apert the Cleaver (Hill Orc Fighter)               Turns: 13362, Time: 00:57:49

Health: 0/110      AC: 13    Str: 27    XL:     12   Next: 61%
Magic:  12/12      EV:  2    Int:  8    God:    Ashenzari [****..]
Gold:   690        SH:  0    Dex: 10    Spells: 0 memorised, 11 levels left

rFire  . . .     SeeInvis +     a - +1 war axe (curse)
rCold  . . .     Gourm    .     b - +0 scale mail (curse)
rNeg   + + +     Faith    .     c - +1 shield (curse)
rPois  ∞         Spirit   .     (no helmet)
rElec  .         Dismiss  +     o - +0 cloak (curse)
rCorr  .         Reflect  .     u - +2 pair of gloves {Str+3}
SustAt +         Harm     .     (no boots)
MR     .....     Clarity  +     A - amulet of dismissal (curse)
Stlth  ..........               B - ring of sustain attributes
                                n - ring of see invisible

@: exhausted, petrified, slowed, not resistant to hostile enchantments,
extremely unstealthy
A: no striking features
a: Curse Item, Scrying, Renounce Religion


You were on level 4 of the Lair of Beasts.
You worshipped Ashenzari.
Ashenzari was greatly pleased with you.
You were very hungry.

You visited 3 branches of the dungeon, and saw 15 of its levels.

You collected 900 gold pieces.
You spent 210 gold pieces at shops.

Inventory:

Hand Weapons
 a - a cursed +1 war axe (weapon)
Armour
 b - a cursed +0 scale mail (worn)
 c - a cursed +1 shield (worn)
 o - a cursed +0 cloak (worn)
 u - a +2 pair of gloves of strength (worn)
 v - a +0 ring mail of fire resistance
 x - a +0 chain mail of poison resistance
Jewellery
 n - a ring of see invisible (left hand)
 A - a cursed amulet of dismissal (around neck)
 B - a ring of sustain attributes (right hand)
 C - an uncursed ring of flight
 J - an uncursed amulet of magic regeneration
Wands
 M - a wand of acid (5/15)
Scrolls
 e - 2 scrolls of fog
 h - 3 scrolls of blinking
 l - 3 scrolls of immolation
 q - 8 scrolls of magic mapping
 r - 7 scrolls of teleportation
 s - 5 scrolls of recharging
 y - 17 scrolls of identify
 D - 2 scrolls of vulnerability {unknown}
 F - a scroll of torment {unknown}
 K - a scroll of brand weapon {unknown}
 L - 3 scrolls of enchant armour
 O - a scroll of noise {unknown}
 P - a scroll of holy word {unknown}
 Q - a scroll of fear {unknown}
 R - a scroll of random uselessness {unknown}
 S - a scroll of amnesia
Potions
 g - 2 potions of invisibility {unknown}
 i - a potion of cure mutation {unknown}
 j - a potion of lignification {unknown}
 k - 3 potions of curing
 m - 3 potions of degeneration {unknown}
 p - 2 potions of mutation {unknown}
 t - a potion of brilliance {unknown}
 z - a potion of flight {unknown}
 G - 2 potions of heal wounds {unknown}
Books
 T - a Fen Folio

   Spells                             Type                      Level
   a - Corpse Rot                     Necromancy                   2
   b - Stone Arrow                    Conjuration/Earth            3
   c - Leda's Liquefaction            Hexes/Earth                  4
   d - Summon Forest                  Summoning/Translocation      5
   e - Hydra Form                     Transmutation                6
   f - Summon Hydra                   Summoning                    7
Comestibles
 d - 12 bread rations
 f - 6 meat rations
 w - a slice of pizza
 N - a royal jelly


   Skills:
 + Level 11.0 Fighting
 + Level 13.9(16.9) Axes
 + Level 8.7 Armour
 + Level 7.2 Dodging
 + Level 11.2(13.2) Shields


You had 11 spell levels left.
You didn't know any spells.

Dungeon Overview and Level Annotations

Branches:
Dungeon (10/15)            Temple (1/1) D:4            Lair (4/8) D:10
    Orc (0/2) D:10
  Swamp: Lair:3-6    Shoals: Lair:3-6     Snake: Lair:3-6    Spider: Lair:3-6

Altars:
Ashenzari
Cheibriados
Dithmenos
Elyvilon
Fedhas
Gozag
Kikubaaqudgha
Makhleb
Nemelex Xobeh
Okawaru
Pakellas
Qazlal
Ru
Sif Muna
Trog
Vehumet
Xom
Yredelemnul
Zin
The Shining One

Shops:
D:5 (=   D:6 }


Message History

The wyvern disappears!
The yak gores you!
* * * LOW HITPOINT WARNING * * *
Your cursed amulet of dismissal vibrates suddenly!
The yak disappears!
The yak gores you.
* * * LOW HITPOINT WARNING * * *
The basilisk gazes at you. You resist with some effort.
You are feeling very hungry.
The yak gores you but does no damage. x2; The basilisk bites you.
* * * LOW HITPOINT WARNING * * *
The yak gores you!
* * * LOW HITPOINT WARNING * * *
The yak gores you but does no damage. The basilisk bites you!
* * * LOW HITPOINT WARNING * * *
The yak gores you but does no damage. x2; The basilisk completely misses you.
The yak gores you but does no damage. The yak gores you.
* * * LOW HITPOINT WARNING * * *
The basilisk bites you but does no damage.
The yak gores you but does no damage. The yak gores you!
You die...

* , * ,, ,, , * , ## ##....l
*#........ * ##P
**.....#**##........ , ....
#....####......... *,
.....##...).#.#....>.... ,
.....#.................. ,
*,,,......?.................
* * ,
......YY....#........... ≈ ,
, ,{#l@....###......... , ,
....lH#................. ,,
....H #....#.#.#####.... , ,
, ,.... {#......#######....
, , ... ,#.......##...#.#...
, ,* ,##
,##................. *** *
*#.................
..................
#.....##.#.#...#...


You could see 2 yaks, 2 hippogriffs, 2 basilisks and a wyvern.

Vanquished Creatures
  An unseen horror (D:8)
  2 hill giants (D:10)
  A black mamba (Lair:3)
  4 elephants (Lair:4)
  2 spiny frogs
  4 komodo dragons
  A troll (D:9)
  Prince Ribbit (D:10)
  Grinder (D:3)
  Sigmund (D:3)
  A spriggan (D:8)
  2 wyverns (Lair:4)
  30 yaks
  5 hippogriffs
  A basilisk (Lair:3)
  2 hungry ghosts
  Menkaure (D:7)
  8 water moccasins
  7 porcupines
  5 orc warriors
  A sky beast (D:7)
  An ice beast (D:6)
  2 phantoms
  2 ogres (D:4)
  3 centaurs
  6 crocodiles
  A big kobold (D:10)
  Blork the orc (D:5)
  A gnoll sergeant (D:5)
  14 giant frogs
  A water moccasin zombie (D:7)
  2 scorpions
  A water moccasin skeleton (D:5)
  3 killer bees
  4 wights
  2 howler monkeys
  3 crimson imps
  2 giant frog zombies (D:7)
  A quasit (D:10)
  4 hounds
  2 jellies
  4 orc priests
  15 orc wizards
  A giant frog skeleton (D:6)
  5 iguanas
  Jessica (D:2)
  A centaur skeleton (D:7)
  16 worker ants
  Terence (D:3)
  4 sheep (Lair:3)
  A howler monkey zombie (D:5)
  12 adders
  4 gnolls
  56 river rats
  A shadow imp (D:10)
  2 oozes
  2 adder skeletons
  4 worms
  4 dart slugs
  5 giant geckos
  25 orcs
  A ball python (D:3)
  11 bats
  3 giant cockroaches
  7 goblins
  6 hobgoblins
  7 jackals
  5 quokkas
  4 giant newts
  20 kobolds
  A quokka zombie (D:7)
  8 rats
  A fungus (Lair:3)
375 creatures vanquished.

Vanquished Creatures (others)
  An ogre (D:9)
  A giant frog (D:9)
  A hound (D:9)
  A worker ant (D:9)
  An adder (D:9)
  A jackal (D:9)
  31 fungi
  9 plants (D:10)
46 creatures vanquished.

Grand Total: 421 creatures vanquished

Notes
Turn   | Place    | Note
--------------------------------------------------------------
     0 | D:1      | Apert the Hill Orc Fighter began the quest for the Orb.
     0 | D:1      | Reached XP level 1. HP: 19/19 MP: 1/1
    23 | D:1      | Found a shattered altar of Ashenzari.
    64 | D:1      | Became a worshipper of Ashenzari the Shackled
   437 | D:1      | Reached XP level 2. HP: 22/27 MP: 2/2
   501 | D:1      | Reached XP level 3. HP: 21/33 MP: 3/3
   974 | D:2      | Reached skill level 3 in Axes
  1009 | D:2      | Noticed Jessica
  1024 | D:2      | Killed Jessica
  1024 | D:2      | Reached skill level 1 in Dodging
  1024 | D:2      | Reached XP level 4. HP: 33/41 MP: 4/4
  1468 | D:2      | Reached XP level 5. HP: 44/47 MP: 5/5
  1494 | D:2      | Reached * piety under Ashenzari
  1720 | D:3      | Noticed Grinder
  1741 | D:3      | Paralysed by Grinder for 5 turns
  1757 | D:3      | Killed Grinder
  1757 | D:3      | Reached skill level 5 in Fighting
  1757 | D:3      | Reached skill level 4 in Axes
  1757 | D:3      | Reached XP level 6. HP: 46/56 MP: 6/6
  1769 | D:3      | Found a sacrificial altar of Ru.
  1810 | D:3      | Noticed Sigmund
  1831 | D:3      | Killed Sigmund
  1831 | D:3      | Reached skill level 5 in Axes
  1831 | D:3      | Reached skill level 5 in Shields
  1831 | D:3      | Reached XP level 7. HP: 41/61 MP: 7/7
  2039 | D:3      | Noticed Terence
  2051 | D:3      | Killed Terence
  2074 | D:3      | Noticed a hungry ghost
  2100 | D:3      | Paralysed by fainting for 9 turns
  2135 | D:3      | Paralysed by fainting for 12 turns
  2151 | D:3      | Paralysed by fainting for 5 turns
  2183 | D:3      | Killed a hungry ghost
  2183 | D:3      | Reached skill level 5 in Armour
  2190 | D:3      | Paralysed by fainting for 8 turns
  2777 | D:4      | Reached XP level 8. HP: 29/70 MP: 8/8
  3115 | D:4      | Found a staircase to the Ecumenical Temple.
  3125 | Temple   | Entered the Ecumenical Temple
  3884 | D:5      | Entered Level 5 of the Dungeon
  3920 | D:5      | Reached skill level 6 in Axes
  4050 | D:5      | Reached ** piety under Ashenzari
  4185 | D:5      | Noticed Blork the orc
  4194 | D:5      | Killed Blork the orc
  4208 | D:5      | Found an opulent altar of Gozag.
  4544 | D:5      | Found Sicasuew's Weapon Shop.
  4561 | D:5      | Found Kyek Itt's Jewellery Shoppe.
  4569 | D:5      | Bought an uncursed ring of sustain attributes for 210 gold pieces
  4649 | D:6      | Reached skill level 7 in Axes
  4653 | D:6      | Reached XP level 9. HP: 47/78 MP: 9/9
  4786 | D:6      | Found a glowing golden altar of the Shining One.
  4788 | D:6      | Found Tiptulu's Gadget Shoppe.
  4830 | D:6      | Found a burning altar of Makhleb.
  5220 | D:7      | Reached skill level 8 in Axes
  5615 | D:7      | Noticed Menkaure
  5625 | D:7      | Killed Menkaure
  5892 | D:7      | Noticed Prince Ribbit
  6351 | D:7      | Reached skill level 9 in Axes
  6526 | D:7      | Reached skill level 1 in Stealth
  6526 | D:7      | Reached XP level 10. HP: 69/88 MP: 10/10
  6804 | D:7      | Found a bloodstained altar of Trog.
  6805 | D:7      | Found an iron altar of Okawaru.
  7137 | D:7      | Found an oddly glowing altar of Pakellas.
  7577 | D:8      | Reached *** piety under Ashenzari
  7705 | D:8      | Noticed an unseen horror
  7713 | D:8      | Killed an unseen horror
  7713 | D:8      | Reached skill level 10 in Axes
  8082 | D:9      | Found a shimmering altar of Xom.
  8526 | D:9      | Reached skill level 5 in Dodging
  8633 | D:9      | Found a sparkling altar of Nemelex Xobeh.
  8750 | D:10     | Entered Level 10 of the Dungeon
  8761 | D:9      | Reached skill level 11 in Axes
  8762 | D:9      | Reached XP level 11. HP: 93/97 MP: 11/11
  8972 | D:10     | Found a staircase to the Lair.
  9080 | D:10     | Killed Prince Ribbit
  9194 | D:10     | Found a staircase to the Orcish Mines.
  9222 | D:10     | Noticed a hill giant
  9223 | D:10     | Identified the +9 quarterstaff of Ijeipt {speed, rF+ Int+3 Dex+3}
  9237 | D:10     | Killed a hill giant
  9458 | D:10     | Noticed a hill giant
  9471 | D:10     | Killed a hill giant
  9481 | Lair:1   | Entered Level 1 of the Lair of Beasts
  9512 | Lair:1   | Reached skill level 10 in Shields
  9561 | Lair:1   | Reached skill level 12 in Axes
  9609 | Lair:1   | Reached skill level 10 in Fighting
  9641 | Lair:1   | Reached **** piety under Ashenzari
  9925 | Lair:1   | Identified the +10 shortbow of Trog's Scorn {venom, Dex+5}
 11301 | Lair:3   | Reached skill level 13 in Axes
 11314 | Lair:3   | Reached XP level 12. HP: 72/107 MP: 12/12
 11489 | Lair:3   | Reached ***** piety under Ashenzari
 12895 | Lair:4   | HP: 2/108 [spiny frog (17)]
 13327 | Lair:4   | Noticed an eight-headed hydra
 13340 | Lair:4   | Noticed a seven-headed hydra
 13361 | Lair:4   | HP: 5/110 [yak (1)]
 13362 | Lair:4   | Slain by a yak

Skill      XL: |  1  2  3  4  5  6  7  8  9 10 11 12 |
---------------+-------------------------------------+-----
Fighting       | 4 5 6 7 9 10 11 | 11.0
Axes           | 3 4 5 7 9 11 13 | 13.9
Dodging        | 1 2 3 4 5 6 7 |  7.2
Shields        | 4 5 6 8 9 10 11 | 11.2
Armour         | 4 5 6 7 8 |  8.7
Stealth        | 1 0 |  0.0

Action                   |  1- 3 |  4- 6 |  7- 9 | 10-12 || total
-------------------------+-------+-------+-------+-------++-------
Melee: War axe           |    88 |   126 |   486 |   936 ||  1636
Invok: Curse Item        |     3 |       |       |     2 ||     5
       Scrying           |       |     2 |     4 |       ||     6
       Transfer Knowledg |       |       |       |     1 ||     1
  Use: Scroll            |       |     7 |     4 |       ||    11
       Potion            |       |     1 |     2 |     7 ||    10
  Eat: Chunk             |       |     4 |     8 |    20 ||    32
       Meat ration       |       |       |     3 |       ||     3
       Bread ration      |       |       |     2 |       ||     2
       Beef jerky        |       |       |     3 |     1 ||     4
       Pizza             |       |       |     1 |     1 ||     2
       Royal jelly       |       |       |       |     1 ||     1
Armor: Scale mail        |    45 |    50 |   196 |   202 ||   493
Dodge: Dodged            |    33 |    39 |   165 |   268 ||   505
Block: Shield            |    48 |    51 |   299 |   512 ||   910
